AoeStats
← 沒起房子我日

MegaRandom

508639424Analyzed
4v4 RM · 9d ago on Sep 23, 2026· 19m 13s· 8 players
Game mode
Random Map
Map size
Large (8 player)
Population
200
Speed
Normal
Resources
Standard
Victory
Conquest
Starting age
Dark Age
Ending age
Imperial Age
RankedLock teamsTeams togetherTeam positionsShared explorationLock speedFull tech treeHidden civsTurbo modeCheats
Victory
Defeat
🇯🇵 Ethiopians · Japan
1633
+10
🇯🇵 Varangians · Japan
1613
+10
1547
+13
🇯🇵 Saxons · Japan
1489
+15
🇹🇼 Britons · Taiwan
1506
-13
🇨🇳 Burgundians · China
1494
-13
🇦🇷 Lithuanians · Argentina
1468
-11
🇨🇳 Khmer · China
1465
-11
比奇堡_Gary
0:28 Loom
4:56 Double-Bit Axe
10:13 Feudal Age
9:28 Horse Collar
11:14 Bow Saw
沒起房子我日
0:29 Loom
9:56 Feudal Age
10:31 Double-Bit Axe
10:28 Horse Collar
16:23 Town Watch
17:04 Fletching
18:20 Padded Archer Armor
Kupuka
0:47 Loom
9:59 Feudal Age
10:31 Double-Bit Axe
はちみ
0:38 Loom
10:56 Feudal Age
11:37 Double-Bit Axe
14:03 Fletching
17:43 Town Watch
Rito
0:31 Loom
9:23 Feudal Age
9:57 Double-Bit Axe
10:09 Horse Collar
17:32 Bloodlines
19:08 Wheelbarrow
EM
0:36 Loom
9:30 Feudal Age
10:20 Double-Bit Axe
10:17 Horse Collar
17:11 Wheelbarrow
happikon.6139
0:32 Loom
9:50 Feudal Age
12:25 Fletching
15:45 Double-Bit Axe
21:28 Castle Age
19:25 Horse Collar
我一日三十分寝男
0:31 Loom
9:48 Feudal Age
10:29 Double-Bit Axe
14:40 Fletching
21:30 Castle Age
Connection lost

Rejoining the realm…

Still unreachable

The connection could not be restored.

Session expired

The server has moved on; the page needs a fresh start.